[Event "Amsterdam Chess Open 2024"]
[Site "Amsterdam"]
[Date "2024.11.03"]
[Round "5.1"]
[White "Sharan, Rao"]
[Black "Grutter, Tim"]
[Result "1/2-1/2"]
[ECO "A48"]
[WhiteElo "2401"]
[BlackElo "2350"]
[Annotator "RC"]
[PlyCount "128"]
[EventDate "2024.10.31"]
[EventType "swiss"]
[EventCountry "NED"]
[SourceTitle "playchess.com"]
[Source "ChessBase"]
[SourceQuality "1"]
[TimeControl "5400+30"]

1. Nf3 Nf6 2. b3 g6 3. Bb2 Bg7 4. e3 O-O 5. Be2 d6 6. d4 b6 7. O-O Bb7 8. a4 a5 9. Nbd2 Nbd7 10. Nc4 Ne4 11. Bd3 e6 12. Nfd2 Nxd2 13. Qxd2 e5 14. Rfe1 Re8 15. Bf1 Qh4 16. c3 Nf6 17. f3 exd4 18. cxd4 Nd5 19. g3 Qh5 20. Bg2 Nb4 21. g4 Qh4 22. Rad1 h5 23. gxh5 Qxh5 24. e4 d5 25. Ne5 dxe4 26. fxe4 Rad8 27. Nc4 Bc8 28. d5 Bxb2 29. Nxb2 c6 30. Nc4 Bg4 31. Rc1 cxd5 32. exd5 Bf3 33. d6 Bxg2 34. Kxg2 Qg4+ 35. Kh1 Qf3+ 36. Qg2 Rxe1+ 37. Rxe1 Qxb3 38. Qe4 Nd3 39. Rf1 Nc5 40. Qd5 Rd7 41. Re1 Qc3 42. Re8+ Kg7 43. Re3 Qa1+ 44. Kg2 Ne6 45. Rf3 Qd4 46. Qxd4+ Nxd4 47. Rd3 Nf5 48. Kf3 Kf6 49. Rd1 Ke6 50. Re1+ Kf6 51. Rb1 Ke6 52. Rxb6 Kd5 53. Nxa5 Nxd6 54. Nb3 Rc7 55. a5 Rc3+ 56. Kg4 f6 57. a6 Rc4+ 58. Kf3 Ra4 59. h3 g5 60. Kg2 f5 61. Kf3 Ra2 62. Nc1 Ra3+ 63. Nb3 Ra4 64. Kg2 Ra2+ 1/2-1/2

[Event "Amsterdam Chess Open 2024"]
[Site "Amsterdam"]
[Date "2024.11.03"]
[Round "5.2"]
[White "Ratsma, Midas"]
[Black "Brookes, Christopher"]
[Result "1-0"]
[ECO "B61"]
[WhiteElo "2280"]
[BlackElo "2218"]
[Annotator "RC"]
[PlyCount "79"]
[EventDate "2024.10.31"]
[EventType "swiss"]
[EventCountry "NED"]
[SourceTitle "playchess.com"]
[Source "ChessBase"]
[SourceQuality "1"]
[TimeControl "5400+30"]

1. e4 c5 2. Nf3 Nc6 3. d4 cxd4 4. Nxd4 Nf6 5. Nc3 d6 6. Bg5 Bd7 7. Qd2 Rc8 8. O-O-O Nxd4 9. Qxd4 Qa5 10. f4 Qc5 11. e5 h6 12. Bh4 dxe5 13. fxe5 Qxd4 14. Rxd4 g5 15. Bb5 a6 16. exf6 axb5 17. Rhd1 Bc6 18. Bg3 b4 19. Nd5 Bxd5 20. Rxd5 e6 21. Rd7 Bc5 22. Rxb7 O-O 23. Rdd7 Rfd8 24. Rbc7 Be3+ 25. Kb1 Rxd7 26. Rxd7 Rc5 27. Rd3 Bf4 28. Bxf4 gxf4 29. Rd4 Rg5 30. Rxf4 Rxg2 31. b3 Rxh2 32. Rxb4 Rf2 33. a4 Rxf6 34. a5 e5 35. Rb6 Rf1+ 36. Kb2 e4 37. a6 e3 38. a7 e2 39. a8=Q+ Kg7 40. Qg2+ 1-0

[Event "Amsterdam Chess Open 2024"]
[Site "Amsterdam"]
[Date "2024.11.03"]
[Round "5.3"]
[White "Kumar, Prajit Sai"]
[Black "Lahaye, Rick"]
[Result "1-0"]
[ECO "B90"]
[WhiteElo "2179"]
[BlackElo "2400"]
[Annotator "TA"]
[PlyCount "73"]
[EventDate "2024.10.31"]
[EventType "swiss"]
[EventCountry "NED"]
[SourceTitle "playchess.com"]
[Source "ChessBase"]
[SourceQuality "1"]
[TimeControl "5400+30"]

1. e4 c5 2. Nf3 d6 3. d4 cxd4 4. Nxd4 Nf6 5. Nc3 a6 6. f3 e5 7. Nb3 Be6 8. Be3 h5 9. Nd5 Bxd5 10. exd5 Nbd7 11. Qd2 {[%emt 0:00:45] White is slightly better.} a5 (11... g6 $11) 12. a4 $16 g6 13. Bb5 Be7 (13... Bg7 $142) 14. O-O-O $1 {[%emt 0:03:13] White has more active pieces.} O-O 15. Rhg1 ({White should try} 15. Kb1) 15... Nb6 16. g4 (16. Nxa5 Nxa4 17. Nc4 (17. Nxb7 $2 Qc7 $19) 17... Nb6 $11) (16. Bh6 $16) 16... hxg4 $1 $11 17. Bxb6 Qxb6 18. fxg4 Ne4 19. Qg2 Nf2 (19... Qe3+ $1 $14 20. Kb1 Bh4) 20. Rde1 $1 $16 {[%emt 0:08:34] Black must now prevent Rgf1.} Bh4 21. Rgf1 (21. Nd2 $142) 21... e4 22. Kb1 Rae8 23. Bxe8 Rxe8 24. Re2 e3 25. Qf3 $1 Re7 (25... Re5 $142) 26. Qf4 (26. Rfe1 $1 $16 Ne4 27. Rd1 (27. Qxe3 $2 Qxe3 28. Rxe3 Bxe1 $19)) 26... Re5 (26... Re4 $11 {keeps the balance.} 27. Qf3 Re5) 27. Nc1 ({White should play} 27. Qc4 $16) 27... Bg5 $11 28. Qf3 f5 $2 (28... Re7 $11 {and Black has nothing to worry.}) 29. gxf5 $18 Rxf5 30. Qg2 {[%emt 0:00:50][%cal Oh2h4] h4! would now be deadly.} Qd4 {[%emt 0:01:08][%cal Og8f8] [#]} 31. h4 $1 Qxh4 32. Nd3 $2 (32. Rxe3 $1 $18 Ng4 33. Re8+ Kf7 34. Qe2) 32... Qh5 (32... Nxd3 $1 $11 33. Rxf5 gxf5 34. cxd3 Kf7) 33. Ree1 $1 $16 Qf3 {[%emt 0:02:47] [#]} (33... Nxd3 $16 {was necessary.} 34. cxd3 (34. Rxf5 gxf5 35. cxd3 Kg7 $14) 34... Qh4) 34. Qh2 $1 $18 Rf6 {[%emt 0:03:17] [#]} (34... Qxd5 35. Nxf2 Rxf2 36. Rxf2 exf2 37. Qxf2 Kg7) 35. Nxf2 $1 e2 36. Rh1 {[%emt 0:01:00] White threatens Qh8+ and mate.} Kf8 37. Nd3 {[%emt 0:00:55] Weighted Error Value: White=0.28 (precise) /Black=0.91.  Loses game:     	---       	Black=2      Missed win:     	White=1     	---        Mistake:       	White=5     	Black=7      Inaccurate:     	White=1     	Black=2      OK:         	White=7     	Black=6      Best:        	White=1     	Black=2      Strong:       	White=6     	Black=1      Brilliant:      	White=1     	---} (37. Qh8+ $142 Ke7 38. Qc8 Qxh1 39. Rxh1 (39. Nxh1 Kf7 $18) 39... Bh4 40. Qc4 (40. Qxb7+ Ke8 $18) 40... g5 41. Qxe2+ Kf8 42. Re1) 1-0

[Event "Amsterdam Chess Open 2024"]
[Site "Amsterdam"]
[Date "2024.11.03"]
[Round "5.4"]
[White "Wunnink, Michael"]
[Black "Schippers, Maurice"]
[Result "0-1"]
[ECO "B90"]
[WhiteElo "2162"]
[BlackElo "2287"]
[Annotator "RC"]
[PlyCount "64"]
[EventDate "2024.10.31"]
[EventType "swiss"]
[EventCountry "NED"]
[SourceTitle "playchess.com"]
[Source "ChessBase"]
[SourceQuality "1"]
[TimeControl "5400+30"]

1. e4 c5 2. Nf3 d6 3. d4 cxd4 4. Nxd4 Nf6 5. Nc3 a6 6. Nb3 g6 7. f3 Bg7 8. Be3 Nc6 9. Qd2 Be6 10. O-O-O Rc8 11. Kb1 Ne5 12. Nd5 Bxd5 13. exd5 Qc7 14. c4 O-O 15. Rc1 Qd7 16. Be2 b5 17. Na5 bxc4 18. Nxc4 Rb8 19. Nb6 Qd8 20. Na4 a5 21. g4 Rb4 22. Nc3 Qb8 23. g5 Nfd7 24. a3 Nc4 25. Bxc4 Rxc4 26. Ne4 Ne5 27. Qe2 Rfc8 28. Nd2 Rxc1+ 29. Rxc1 Qxb2+ 30. Kxb2 Nd3+ 31. Kb1 Rxc1+ 32. Ka2 Ra1+ 0-1

[Event "Amsterdam Chess Open 2024"]
[Site "Amsterdam"]
[Date "2024.11.03"]
[Round "5.5"]
[White "Warakomska, Anna"]
[Black "Van den Doel, Erik"]
[Result "0-1"]
[ECO "D10"]
[WhiteElo "2219"]
[BlackElo "2557"]
[Annotator "TA"]
[PlyCount "164"]
[EventDate "2024.10.31"]
[EventType "swiss"]
[EventCountry "NED"]
[SourceTitle "playchess.com"]
[Source "ChessBase"]
[SourceQuality "1"]
[TimeControl "5400+30"]

1. d4 d5 2. c4 c6 3. cxd5 cxd5 4. Bf4 Nc6 5. e3 Nf6 6. Nc3 Bg4 7. Qb3 Na5 8. Qa4+ Bd7 9. Qc2 {[%emt 0:00:06] The position is equal.} Rc8 10. Bd3 g6 11. Nf3 Bg7 12. O-O O-O 13. h3 {[%emt 0:02:13] [#]} b5 $1 {[%emt 0:03:22] Strongly threatening ...b4.} 14. a3 (14. Bxb5 $2 Bxb5 15. Rfe1 Ne4 $19) (14. Qe2 b4) 14... Nc4 (14... Ne4 $11 {deserves consideration.}) 15. Ne5 Be6 16. Qe2 a6 17. Rfc1 Nd7 ({Better is} 17... Nh5 $11) 18. Nxd7 $14 Qxd7 19. b3 Nxa3 20. Rxa3 b4 21. Ra2 {[%emt 0:01:32][%cal Oe2e1] Black must now prevent Qe1!} Bf5 $2 {[%emt 0:24:23] [#]} (21... Rxc3 $14 22. Rxc3 bxc3) 22. Rac2 $1 bxc3 (22... Bxd3 23. Qxd3) 23. Rxc3 Rxc3 24. Rxc3 Bxd3 25. Qxd3 Rc8 {[%emt 0:00:07] Against Rc7} 26. Qc2 Rxc3 27. Qxc3 $11 {[%emt 0:00:05][%mdl 4096] Endgame. KQB-KQB} h6 28. Qa5 g5 29. Bg3 Qe6 30. Qc7 f5 31. h4 Kf7 32. hxg5 hxg5 33. Kf1 Qe4 {[%emt 0:01:13] aiming for ...Qb1+.} 34. Bd6 {[%emt 0:02:13] [#] White is on the road to losing.} (34. Kg1 $1 $11 {remains equal.}) 34... Bf6 (34... f4 $1 $17 35. exf4 gxf4) 35. Qb7 {[%emt 0:00:35] [#]} (35. g3 $1 $11 {and White has nothing to worry.}) 35... f4 $1 $19 36. Bc5 $2 (36. exf4 $17 Bxd4 (36... gxf4 37. Kg1 $17) 37. Bb4) 36... fxe3 37. fxe3 g4 (37... Qxe3 38. Qxd5+ e6 39. Qb7+ Kg6 40. Qxa6 $11) 38. Qxa6 Qb1+ (38... Qxe3 39. Qe2 Qg5 (39... Qxb3 40. Qxg4 Qd3+ 41. Kf2 $11) 40. Qc2 $11) (38... Bh4 $142 {( -> ...Qb1+)} 39. Bb4 Qxe3) 39. Ke2 Qc2+ (39... Qxb3 40. Qd3 Qb2+ 41. Kf1 $11) 40. Kf1 Qd1+ (40... Qxb3 41. Qe2 $15) 41. Kf2 Bh4+ (41... Qxb3 42. Qe2 $11) 42. g3 Qc2+ 43. Qe2 {[%emt 0:00:54] [#]} Bxg3+ $1 44. Kf1 Qe4 (44... Qxb3 45. Kg2 Bc7 46. Qxg4 Qc2+ 47. Kf1 $11) 45. Kg1 {[%emt 0:01:20] Wards off Qh1+} Bf4 46. Qf2 Qxe3 47. Qxe3 Bxe3+ {[%emt 0:00:04] KB-KB} 48. Kg2 Bf4 49. b4 Ke8 50. b5 Kd7 51. Bb4 Bd6 52. Ba5 Kc8 53. Kf2 Kb7 54. Bd8 e6 55. b6 Bf4 56. Ke2 Kc6 57. Kf2 Bh6 58. Bc7 Bg7 59. Ke3 Bf6 60. Kd3 Be7 61. Ke3 Bd6 62. Bd8 Bh2 63. Kf2 Bf4 64. Ke2 Kd7 65. Bf6 Bd6 66. Kf2 Kc6 67. Bd8 Bb4 68. Kg3 Bc3 69. Bf6 Kxb6 70. Kxg4 Kb5 71. Kf3 Kc4 72. Ke3 Ba5 73. Be7 Bb6 74. Bf6 Kc3 75. Bg7 Kc2 $2 (75... Bc7 {mates} 76. Bf6 Bh2 77. Bh4 Bg1+ 78. Ke2 Bxd4 (78... Kxd4 $2 79. Bg3 $19) 79. Bg3 e5 80. Kf3 e4+ 81. Ke2 Bc5 82. Kd1 d4 83. Bh4 e3 84. Be1+ Kc4 85. Bh4 Kd3 (85... d3 {leads to mate.} 86. Bg5 e2+ 87. Ke1 Bd6 88. Be3 Be7 89. Kf2 Bh4+ 90. Kf3 e1=Q 91. Kf4 Kd5 92. Kg4 Qxe3 93. Kxh4 d2 94. Kh5 Qg1 95. Kh6 d1=Q 96. Kh7 Qh5#) 86. Ke1 Bb4+ 87. Kf1 e2+ 88. Kg2 Ke4 (88... e1=R {is a self mate.} 89. Bxe1 Bxe1 90. Kf3 Kc2 91. Kg4 d3 92. Kf5 d2 93. Kf6 d1=Q 94. Ke6 Bh4 95. Ke5 Qd7 96. Ke4 Qe6+ 97. Kf3 Qg6 98. Ke3 Qf5 99. Kd4 Bf2+ 100. Kc4 Qc5#) 89. Bg3 d3 (89... e1=B 90. Bxe1 Bxe1 91. Kf1 Bc3 92. Ke2 d3+ 93. Kd1 Kf3 94. Kc1 Ke2 95. Kb1 d2 96. Kc2 d1=Q+ 97. Kxc3 Qa4 98. Kb2 Kd3 99. Kb1 Kc3 100. Kc1 Qc2#) 90. Kh3 d2 (90... e1=B 91. Bxe1 Bxe1 92. Kg4 d2 93. Kg5 d1=Q 94. Kg6 Qd7 95. Kf6 Bd2 96. Kg6 Qe7 97. Kh5 Qg5#) 91. Kg4 e1=Q (91... d1=N 92. Bh4 Ne3+ 93. Kh5 Ng2 94. Bg3 Kf3 95. Be1 Bxe1 96. Kg5 Bd2+ 97. Kf6 e1=Q 98. Kf7 Bc3 99. Kf8 Nf4 100. Kf7 Qe6+ 101. Kf8 Ng6#) 92. Bxe1 dxe1=Q 93. Kg5 Qg3+ 94. Kf6 Qg4 95. Kf7 Qg5 96. Ke8 Qe7#) 76. Be5 $2 (76. Kf4 $17) 76... Ba5 {[%emt 0:00:23] Black mates.} 77. Bf6 Kc3 78. Bg7 Bc7 79. Bf6 Bh2 80. Kf2 Kd3 81. Kf3 Bg1 82. Bd8 Bxd4 {[%emt 0:00:09] Weighted Error Value: White=0.67/Black=0.43.  Loses game:     	White=1     	Black=1      Missed win:     	White=1     	---        Mistake:       	White=2     	Black=4      Inaccurate:     	White=4     	Black=1      OK:         	White=5     	Black=15     Best:        	White=1     	Black=4      Strong:       	---       	Black=1} ({And not} 82... Kxd4 83. Bb6+ Kc3 84. Bxg1 $11) 0-1

[Event "Amsterdam Chess Open 2024"]
[Site "Amsterdam"]
[Date "2024.11.03"]
[Round "5.6"]
[White "Stojiljkovic, Stefan"]
[Black "Terekhov, Andrey"]
[Result "1/2-1/2"]
[ECO "A06"]
[WhiteElo "2122"]
[BlackElo "2261"]
[Annotator "RC"]
[PlyCount "110"]
[EventDate "2024.10.31"]
[EventType "swiss"]
[EventCountry "NED"]
[SourceTitle "playchess.com"]
[Source "ChessBase"]
[SourceQuality "1"]
[TimeControl "5400+30"]

1. Nf3 d5 2. e3 Nf6 3. b3 e6 4. Bb2 b6 5. Bb5+ c6 6. Be2 Bb7 7. Ne5 Nbd7 8. f4 Nxe5 9. fxe5 Nd7 10. O-O Be7 11. Qe1 O-O 12. d3 Qc7 13. Qg3 f5 14. Nd2 c5 15. Bf3 b5 16. c4 bxc4 17. bxc4 Rab8 18. Rab1 Nb6 19. cxd5 Nxd5 20. Nc4 Nxe3 21. Nxe3 f4 22. Qh3 fxe3 23. Qxe6+ Kh8 24. Be2 Bc8 25. Rxf8+ Bxf8 26. Qd5 Qe7 27. e6 Bxe6 28. Qe5 Rd8 29. Qxe3 Bxa2 30. Qxe7 Bxe7 31. Ra1 Be6 32. Rxa7 Rd7 33. Rxd7 Bxd7 34. Ba3 Kg8 35. d4 Kf7 36. Bc4+ Kf6 37. dxc5 Ke5 38. Bg8 Be6 39. Bxh7 Kd5 40. Kf2 Bxc5+ 41. Bxc5 Kxc5 42. Ke3 Kd6 43. Kf4 Ke7 44. Ke5 Bd7 45. Bg8 Bc8 46. Bd5 Bd7 47. Be4 Kf7 48. Bf5 Bc6 49. g4 g6 50. Bd3 Kg7 51. h4 Bd7 52. Kf4 Kf6 53. Be4 Be6 54. g5+ Kg7 55. Ke5 Bg4 1/2-1/2

[Event "Amsterdam Chess Open 2024"]
[Site "Amsterdam"]
[Date "2024.11.03"]
[Round "5.7"]
[White "Van Rootselaar, Rik"]
[Black "Stanojevic, Ilija"]
[Result "1-0"]
[ECO "E04"]
[WhiteElo "2248"]
[BlackElo "2197"]
[Annotator "RC"]
[PlyCount "115"]
[EventDate "2024.10.31"]
[EventType "swiss"]
[EventCountry "NED"]
[SourceTitle "playchess.com"]
[Source "ChessBase"]
[SourceQuality "1"]
[TimeControl "5400+30"]

1. d4 d5 2. c4 e6 3. Nf3 Nf6 4. g3 dxc4 5. Bg2 a6 6. O-O Nc6 7. Nbd2 b5 8. b3 c3 9. Nb1 b4 10. a3 Rb8 11. axb4 Bxb4 12. Qd3 e5 13. Nxc3 Nxd4 14. Nxd4 Qxd4 15. Qxd4 exd4 16. Na4 Bg4 17. Rd1 c5 18. Bf4 O-O 19. Bxb8 Rxb8 20. Kf1 Be6 21. Rdc1 Rb5 22. Bc6 Ra5 23. Nb2 Rxa1 24. Rxa1 a5 25. Nd3 Bc3 26. Rc1 c4 27. bxc4 Bxc4 28. Nb2 Bb3 29. Na4 Bxa4 30. Bxa4 Ne4 31. Bc2 Nd2+ 32. Kg2 g5 33. Bd1 Bb4 34. Rc7 Kg7 35. Ba4 Ne4 36. Bb3 Nd6 37. Kf3 h5 38. h3 Kf6 39. Rd7 Kg6 40. Rd8 f5 41. h4 Ne4 42. Bc2 g4+ 43. Kg2 Nd6 44. Rg8+ Kf6 45. Rg5 a4 46. Bxa4 Ne4 47. Rxh5 Kg6 48. Be8+ Kf6 49. Bc6 Nc3 50. Bd7 Nxe2 51. Bxf5 Nc3 52. Bd3 Nd1 53. Rf5+ Ke6 54. Rb5 Bc3 55. h5 Nb2 56. Bf5+ Kf7 57. Rb3 Kf6 58. h6 1-0

[Event "Amsterdam Chess Open 2024"]
[Site "Amsterdam"]
[Date "2024.11.03"]
[Round "5.8"]
[White "Ragnarsson, Dagur"]
[Black "Pham, Khoi"]
[Result "1-0"]
[ECO "A26"]
[WhiteElo "2346"]
[BlackElo "2264"]
[Annotator "RC"]
[PlyCount "79"]
[EventDate "2024.10.31"]
[EventType "swiss"]
[EventCountry "NED"]
[SourceTitle "playchess.com"]
[Source "ChessBase"]
[SourceQuality "1"]
[TimeControl "5400+30"]

1. c4 Nf6 2. Nc3 g6 3. g3 Bg7 4. Bg2 O-O 5. Nf3 d6 6. O-O e5 7. d3 Nc6 8. Rb1 a5 9. b3 Bf5 10. Nh4 Be6 11. a3 h6 12. e4 Nd7 13. Ne2 Rb8 14. Be3 Nd4 15. Nxd4 exd4 16. Bd2 Kh7 17. f4 Nf6 18. Bxa5 Ra8 19. Bd2 Rxa3 20. f5 Bc8 21. e5 dxe5 22. Bb4 Ra6 23. Bxf8 Bxf8 24. fxg6+ fxg6 25. Qe2 Qe7 26. Rbe1 Bg7 27. Qxe5 Re6 28. Qxe6 Bxe6 29. Bd5 Ng4 30. Rxe6 Qd7 31. Rxg6 Ne5 32. Re6 c6 33. Be4+ Kg8 34. Bf5 Qd8 35. Ng6 Qg5 36. Rf4 Nxg6 37. Rxg6 Qh5 38. Rfg4 Qxf5 39. Rxg7+ Kf8 40. Rf4 1-0

[Event "Amsterdam Chess Open 2024"]
[Site "Amsterdam"]
[Date "2024.11.03"]
[Round "5.9"]
[White "Kazarian, Anna-Maja"]
[Black "Brink, Barry"]
[Result "1-0"]
[ECO "B48"]
[WhiteElo "2178"]
[BlackElo "2342"]
[Annotator "RC"]
[PlyCount "33"]
[EventDate "2024.10.31"]
[EventType "swiss"]
[EventCountry "NED"]
[SourceTitle "playchess.com"]
[Source "ChessBase"]
[SourceQuality "1"]
[TimeControl "5400+30"]

1. e4 c5 2. Nf3 e6 3. d4 cxd4 4. Nxd4 Nc6 5. Nc3 Qc7 6. Be3 a6 7. g4 Nxd4 8. Qxd4 b5 9. O-O-O Bb7 10. f3 Rc8 11. Rd2 h6 12. Bxb5 Nf6 13. Ba4 e5 14. Qa7 Bb4 15. Bb6 Qb8 16. Qxb8 Rxb8 17. Bc7 1-0

[Event "Amsterdam Chess Open 2024"]
[Site "Amsterdam"]
[Date "2024.11.03"]
[Round "5.10"]
[White "Saine, Zachary"]
[Black "Dekker, Jasper"]
[Result "1-0"]
[ECO "B75"]
[WhiteElo "2038"]
[BlackElo "1963"]
[Annotator "RC"]
[PlyCount "89"]
[EventDate "2024.10.31"]
[EventType "swiss"]
[EventCountry "NED"]
[SourceTitle "playchess.com"]
[Source "ChessBase"]
[SourceQuality "1"]
[TimeControl "5400+30"]

1. e4 c5 2. Nf3 d6 3. d4 cxd4 4. Nxd4 Nf6 5. Nc3 g6 6. f3 Bg7 7. Be3 a6 8. Qd2 h5 9. h3 b5 10. a4 bxa4 11. Nxa4 Nbd7 12. Bc4 Bb7 13. O-O Ne5 14. Bb3 O-O 15. c4 e6 16. Rfd1 Rb8 17. c5 d5 18. Bf4 Nc6 19. Nxc6 Bxc6 20. Bxb8 Qxb8 21. exd5 Nxd5 22. Bxd5 Bxd5 23. Nb6 Bb3 24. Nd7 Qg3 25. Nxf8 Be5 26. Rdc1 Qh2+ 27. Kf1 Bg3 28. Qd4 Be5 29. Qe3 Kxf8 30. Qxb3 Qh1+ 31. Kf2 Bd4+ 32. Ke2 Qxg2+ 33. Kd1 Qf2 34. Qd3 Bxb2 35. c6 Bxa1 36. c7 Qg1+ 37. Kd2 Qf2+ 38. Qe2 Qd4+ 39. Kc2 Qc3+ 40. Kb1 Qb3+ 41. Kxa1 Qa3+ 42. Kb1 Qb3+ 43. Qb2 Qd3+ 44. Rc2 Qf1+ 45. Ka2 1-0

[Event "Amsterdam Chess Open 2024"]
[Site "Amsterdam"]
[Date "2024.11.03"]
[Round "5.11"]
[White "Mikko, Rondo"]
[Black "Fritschy, Pieter"]
[Result "1-0"]
[ECO "E01"]
[WhiteElo "1966"]
[BlackElo "1930"]
[Annotator "RC"]
[PlyCount "97"]
[EventDate "2024.10.31"]
[EventType "swiss"]
[EventCountry "NED"]
[SourceTitle "playchess.com"]
[Source "ChessBase"]
[SourceQuality "1"]
[TimeControl "5400+30"]

1. Nf3 d5 2. g3 c5 3. Bg2 Nc6 4. d4 e6 5. O-O Nf6 6. c4 cxd4 7. Nxd4 Bc5 8. Nb3 Bb6 9. cxd5 Nxd5 10. Na3 O-O 11. Nc4 Bc7 12. Ne3 Nce7 13. Nxd5 Nxd5 14. e4 Nf6 15. Qe2 Qe7 16. e5 Nd5 17. Rd1 Rd8 18. Rd4 f6 19. exf6 Qxf6 20. Rd1 Bb6 21. Nd2 Rf8 22. Rf1 Bd7 23. a4 a6 24. Nc4 Bc7 25. Ne3 Bc6 26. Nxd5 Bxd5 27. Be3 Be5 28. Rad1 Bb3 29. Rd7 Bxa4 30. Rxb7 Bb5 31. Rxb5 axb5 32. Bxa8 Rxa8 33. b3 Rb8 34. Rc1 b4 35. Rc6 Re8 36. Qc4 Qf5 37. Qxb4 Rb8 38. Rb6 Rxb6 39. Qxb6 Qb1+ 40. Kg2 Qe4+ 41. f3 Qd5 42. Qc5 Qxb3 43. Qxe5 Kf7 44. Qe4 h6 45. h4 Qb5 46. Bd4 Qb3 47. h5 Qa2+ 48. Kh3 Qc4 49. Qg6+ 1-0

[Event "Amsterdam Chess Open 2024"]
[Site "Amsterdam"]
[Date "2024.11.03"]
[Round "5.12"]
[White "Van der Meiden, Dirk"]
[Black "Dumont, Ties"]
[Result "1/2-1/2"]
[ECO "A30"]
[WhiteElo "1968"]
[BlackElo "1914"]
[Annotator "RC"]
[PlyCount "47"]
[EventDate "2024.10.31"]
[EventType "swiss"]
[EventCountry "NED"]
[SourceTitle "playchess.com"]
[Source "ChessBase"]
[SourceQuality "1"]
[TimeControl "5400+30"]

1. d4 Nf6 2. Nf3 e6 3. c4 b6 4. g3 Bb7 5. Bg2 c5 6. O-O cxd4 7. Nxd4 Bxg2 8. Kxg2 Qc7 9. b3 Bc5 10. Bb2 O-O 11. Nd2 e5 12. Nb5 Qb7+ 13. e4 Nxe4 14. Qf3 d5 15. Rad1 a6 16. Na3 Nxd2 17. Rxd2 e4 18. Qf5 d4 19. Rxd4 Bxd4 20. Bxd4 e3+ 21. f3 e2 22. Re1 Nc6 23. Bxg7 Kxg7 24. Qg5+ 1/2-1/2

[Event "Amsterdam Chess Open 2024"]
[Site "Amsterdam"]
[Date "2024.11.03"]
[Round "5.13"]
[White "Teianu, Maxim"]
[Black "Nies, Levi"]
[Result "1/2-1/2"]
[ECO "D37"]
[WhiteElo "1878"]
[BlackElo "1859"]
[Annotator "NA RC"]
[PlyCount "166"]
[EventDate "2024.10.31"]
[EventType "swiss"]
[EventCountry "NED"]
[SourceTitle "playchess.com"]
[Source "ChessBase"]
[SourceQuality "1"]
[TimeControl "5400+30"]

1. d4 d5 2. c4 e6 3. Nf3 Nf6 4. Nc3 Be7 5. Bf4 O-O 6. e3 b6 7. cxd5 Nxd5 8. Nxd5 Qxd5 9. Qc2 Qa5+ 10. Nd2 c5 11. Bd3 f5 12. O-O Bd7 13. Nc4 Qa4 14. b3 Qc6 15. Ne5 Qb7 16. dxc5 Bxc5 17. Rad1 Bc8 18. Be2 Qe7 19. Bf3 Bb7 20. Bxb7 Qxb7 21. Qc4 Qe7 22. Bg5 Qxg5 23. Qxe6+ Kh8 24. Nf7+ Rxf7 25. Qxf7 Nc6 26. Qb7 Rf8 27. Qxc6 f4 28. exf4 Qxf4 29. Qf3 Qe5 30. Rfe1 Qb8 31. Qe4 Bxf2+ 32. Kh1 Bxe1 33. Rxe1 h6 34. Qc2 Qc8 35. Qd2 Qd8 36. Qe3 Qf6 37. h3 Qf2 38. Qxf2 Rxf2 39. a4 Rb2 40. Re3 a5 41. Kh2 Kg8 42. Rf3 Kh7 43. h4 Kg6 44. Kh3 h5 45. Rd3 Kf7 46. g4 hxg4+ 47. Kxg4 Ke6 48. Kg5 Rg2+ 49. Kf4 Rf2+ 50. Kg5 Rf5+ 51. Kg4 Rf6 52. h5 Rf1 53. Rg3 Rf6 54. Kg5 Kd6 55. Rg4 Ke6 56. b4 axb4 57. Rxb4 Kd5 58. Rb5+ Kc4 59. Rf5 Rd6 60. Rb5 Re6 61. Rb1 Kc5 62. Rf1 Kb4 63. Rf4+ Kb3 64. Rg4 Rf6 65. Re4 Rd6 66. Kf5 Rf6+ 67. Kg5 Rd6 68. Rf4 Rc6 69. Rf7 Kxa4 70. Rxg7 b5 71. h6 Rc1 72. h7 Rh1 73. Ra7+ Kb3 74. Kg6 b4 75. Ra5 Rxh7 76. Kxh7 Kc2 77. Rc5+ Kd3 78. Rb5 Kc3 79. Kg6 b3 80. Kf5 b2 81. Ke4 Kc2 82. Rc5+ Kd2 83. Rb5 Kc2 1/2-1/2

[Event "Amsterdam Chess Open 2024"]
[Site "Amsterdam"]
[Date "2024.11.03"]
[Round "5.14"]
[White "Beijen, Mark"]
[Black "Heij, Jacco"]
[Result "1-0"]
[ECO "D85"]
[WhiteElo "1945"]
[BlackElo "1979"]
[Annotator "RC"]
[PlyCount "73"]
[EventDate "2024.10.31"]
[EventType "swiss"]
[EventCountry "NED"]
[SourceTitle "playchess.com"]
[Source "ChessBase"]
[SourceQuality "1"]
[TimeControl "5400+30"]

1. d4 Nf6 2. c4 g6 3. Nc3 d5 4. cxd5 Nxd5 5. Bd2 Bg7 6. e4 Nxc3 7. Bxc3 c5 8. d5 Bxc3+ 9. bxc3 Qa5 10. Qd2 e6 11. c4 Qxd2+ 12. Kxd2 O-O 13. Nf3 b5 14. dxe6 b4 15. exf7+ Rxf7 16. Bd3 Nc6 17. Ke3 a5 18. Ng5 Re7 19. f4 Bb7 20. Nf3 a4 21. e5 Na5 22. Rac1 Rd8 23. Rhd1 Kg7 24. Be2 Rxd1 25. Rxd1 Ba6 26. Rc1 b3 27. axb3 Nxb3 28. Rc2 Bc8 29. Ra2 Bd7 30. Bd1 Na5 31. Nd2 Bc6 32. Bxa4 Bxg2 33. Bb5 Nb7 34. Kf2 Bh3 35. Ra7 Kf7 36. Ne4 h6 37. Rxb7 1-0

[Event "Amsterdam Chess Open 2024"]
[Site "Amsterdam"]
[Date "2024.11.03"]
[Round "5.15"]
[White "Ponomarev, Ivan"]
[Black "Kuijken, Felix"]
[Result "1-0"]
[ECO "E11"]
[WhiteElo "1969"]
[BlackElo "1823"]
[Annotator "RC"]
[PlyCount "53"]
[EventDate "2024.10.31"]
[EventType "swiss"]
[EventCountry "NED"]
[SourceTitle "playchess.com"]
[Source "ChessBase"]
[SourceQuality "1"]
[TimeControl "5400+30"]

1. c4 e6 2. g3 Nf6 3. Bg2 d5 4. d4 Bb4+ 5. Bd2 Be7 6. Nf3 O-O 7. Qc2 c6 8. O-O Nbd7 9. b3 Ne4 10. Nc3 Nxd2 11. Qxd2 f5 12. e3 Bf6 13. Rac1 a5 14. Rfd1 g5 15. Ne1 g4 16. Nd3 Qe8 17. cxd5 exd5 18. Nf4 h5 19. a3 b5 20. Ncxd5 cxd5 21. Bxd5+ Kh7 22. Bxa8 Nb6 23. Qxa5 Nxa8 24. Qxa8 Qd7 25. Qd5 Qe7 26. Rxc8 Rxc8 27. Qxf5+ 1-0

[Event "Amsterdam Chess Open 2024"]
[Site "Amsterdam"]
[Date "2024.11.03"]
[Round "5.16"]
[White "Baarslag, Ed"]
[Black "Mohamedjoesoef, Rafiek"]
[Result "1/2-1/2"]
[ECO "A05"]
[WhiteElo "1993"]
[BlackElo "1916"]
[Annotator "RC"]
[PlyCount "54"]
[EventDate "2024.10.31"]
[EventType "swiss"]
[EventCountry "NED"]
[SourceTitle "playchess.com"]
[Source "ChessBase"]
[SourceQuality "1"]
[TimeControl "5400+30"]

1. Nf3 Nf6 2. g3 b6 3. Bg2 Bb7 4. O-O e6 5. c4 Be7 6. b3 O-O 7. Bb2 d6 8. Nc3 Ne4 9. Qc2 Nxc3 10. Bxc3 f5 11. e3 Bf6 12. d4 Be4 13. Qe2 Nd7 14. Rad1 Qe7 15. Rd2 a5 16. Rfd1 Rf7 17. a3 Qf8 18. Ba1 g6 19. Ra2 Qg7 20. b4 Rff8 21. Bc3 Rfb8 22. Qd2 a4 23. b5 Nc5 24. Bb4 Nb3 25. Qe2 e5 26. d5 Bxf3 27. Bxf3 e4 1/2-1/2